 Dungeon Crawl Stone Soup version 0.23.2 (webtiles) character file.

Game seed: 1078050487372315446

20 Norn the Ruffian (level 2, 0/23 HPs)
             Began as a Draconian Transmuter on Apr 9, 2019.
             Succumbed to Sigmund's poison
             ... on level 1 of the Dungeon.
             The game lasted 00:02:10 (1097 turns).

Norn the Ruffian (Draconian Transmuter)             Turns: 1097, Time: 00:02:10

Health: 0/23       AC:  4    Str: 12    XL:     2   Next: 58%
Magic:  5/5        EV: 12    Int: 13    God:
Gold:   74         SH:  0    Dex: 11    Spells: 2/5 levels left

rFire    . . .     SeeInvis .     - Unarmed
rCold    . . .     Gourm    .   (no shield)
rNeg     . . .     Faith    .   (armour unavailable)
rPois    .         Spirit   .   (helmet restricted)
rElec    .         Reflect  .   (no cloak)
rCorr    .         Harm     .   (no gloves)
MR       .....                  (no boots)
Stlth    +.........             (no amulet)
HPRegen  0.07/turn              (no ring)
MPRegen  0.09/turn              (no ring)

@: lethally poisoned (0 -> -7), flying
A: unfitting armour, cold-blooded, AC +4
a: no special abilities


You were on level 1 of the Dungeon.
You were hungry.

You visited 1 branch of the dungeon, and saw 2 of its levels.

You collected 74 gold pieces.

Inventory:

Hand Weapons
 i - a +0 hunting sling
   (You found it on level 1 of the Dungeon)
Missiles
 a - 57 arrows
 b - 80 stones (quivered)
 l - 12 poisoned needles
Armour
 f - a +0 pair of gloves
   (You found it on level 1 of the Dungeon)
Scrolls
 d - 2 scrolls of random uselessness {unknown}
 g - a scroll of amnesia {unknown}
 j - 3 scrolls of teleportation {unknown}
 k - 2 scrolls of identify {unknown}
 m - a scroll of remove curse {unknown}
 q - a scroll of noise {unknown}
Potions
 c - a potion of invisibility {unknown}
 h - a potion of magic {unknown}
 o - a potion of curing {unknown}
Comestibles
 e - 2 rations {!d}
 p - a chunk of flesh


   Skills:
 - Level 1.1 Fighting
 - Level 1.7 Dodging
 + Level 4.0 Unarmed Combat
 - Level 2.0 Spellcasting
 - Level 2.0 Transmutations


You had 2 spell levels left.
You knew the following spells:

 Your Spells              Type           Power        Failure   Level  Hunger
a - Beastly Appendage     Tmut           #.....       11%         1    ##.....
s - Sticks to Snakes      Tmut           #.......     17%         2    ###....

Your spell library contained the following spells:

 Spells                   Type           Power        Failure   Level  Hunger
 Spider Form              Tmut/Pois      #.........   45%         3    ####...
 Ice Form                 Ice/Tmut       #.......     86%         4    #####..
 Blade Hands              Tmut           #.........   97%         5    ######.


Dungeon Overview and Level Annotations

Branches:
Dungeon (2/15)

Altars:

Annotations:
D:2 Sigmund


Innate Abilities, Weirdness & Mutations

Your plain brown scales are hard. (AC +4)
You cannot fit into any form of body armour.
You are cold-blooded and may be slowed by cold attacks.


Message History

You hit the hobgoblin.
The hobgoblin hits you but does no damage.
You barely miss the hobgoblin.
The hobgoblin hits you but does no damage.
You closely miss the hobgoblin. The hobgoblin barely misses you.
You closely miss the hobgoblin.
The hobgoblin hits you but does no damage.
You closely miss the hobgoblin. You barely miss the hobgoblin.
The hobgoblin hits you with a +0 club.
You hit the hobgoblin.
You kill the hobgoblin!
You see here a +0 club.
There isn't anything to butcher here.
There is a stone staircase leading down here.
You climb downwards.
Level annotation: Sigmund A bat comes into view.
The bat misses you.
Found a scroll labeled VIURUFILIM.
There is a stone staircase leading up here.
You grow a pair of large bovine horns.
The bat hits you but does no damage.
You hit the bat. You headbutt the bat. The bat barely misses you.
You hit the bat.
You kill the bat!
Your Unarmed Combat skill increases to level 4!
You see here a bat corpse.
You butcher the bat corpse.
p - a chunk of flesh You see here a bat skeleton.
Your transformation is almost over.
q - a scroll labeled VIURUFILIM Sigmund shouts!
You hear an angry hiss.
Sigmund hits you from afar with a +5 scythe of venom!
Ouch! That really hurt!
* * * LOW HITPOINT WARNING * * *
You are lethally poisoned!
* * * LOW HITPOINT WARNING * * *
You feel sick. Sigmund barely misses you.
There is a stone staircase leading up here.
Your horns disappear.
* * * LOW HITPOINT WARNING * * *
You feel sick.
You climb upwards.
* * * LOW HITPOINT WARNING * * *
You feel sick.
There is a stone staircase leading down here.
It was a potion of flight.
You feel very buoyant.
You fly up into the air.
You die...

..............#.................)
..............#..................
..............#..................
...............#.###.........####
######.........#.# #.........# #
#...#####...# ######....# ###.#
##..# #.>....## #.# #..# #.####.#
#.# ##@# #.# #.# #.# #.# #.# #.#
#.# #.#####.####.# #.#
#.......#....# #### #.#
#########.#### ...# #.# #.#
##.#####.# #####.# #.......#
#.....#
####################)#####


There were no monsters in sight!

Vanquished Creatures
  2 ball pythons (D:1)
  3 bats
  A giant cockroach (D:2)
  A goblin (D:1)
  3 hobgoblins (D:1)
  A quokka (D:2)
  2 frilled lizards
  4 kobolds
17 creatures vanquished.

Notes
Turn   | Place    | Note
-------+----------+-------------------------------------------
     0 | D:1      | Norn the Draconian Transmuter began the quest for the Orb.
     0 | D:1      | Reached XP level 1. HP: 16/16 MP: 3/3
   442 | D:1      | Reached XP level 2. HP: 20/23 MP: 3/5
   446 | D:1      | Learned a level 2 spell: Sticks to Snakes
  1020 | D:2      | Noticed Sigmund
  1083 | D:2      | Reached skill level 4 in Unarmed Combat
  1096 | D:1      | HP: 1/23 [poisoned by Sigmund]
  1097 | D:1      | Succumbed to Sigmund's poison

Skill      XL: |  1  2 |
---------------+-------+-----
Unarmed Combat | 4 |  4.0
Fighting       | |  1.1
Dodging        | |  1.7
Spellcasting   | |  2.0
Transmutations | |  2.0

Action                   || total
-------------------------++-------
Melee: Unarmed           ||    58
       Tailslap          ||     7
       Headbutt          ||     3
       Kick              ||     1
Throw: Stone             ||     3
 Cast: Beastly Appendage ||    13
  Use: Potion            ||     1
 Stab: Sleeping          ||     1
Armor: Skin              ||    17
Dodge: Dodged            ||    39
